 Dungeon Crawl Stone Soup version 0.22-a0-614-g34fbaa0 (webtiles) character file.

20374 CanOfBees the Grappler (level 12, -16/108 HPs)
             Began as a Ghoul Monk on July 15, 2018.
             Was a High Priest of Okawaru.
             Demolished by Rupert
             ... wielding a +2 battleaxe of chopping
              (39 damage)
             ... on level 4 of the Lair of Beasts on July 16, 2018.
             The game lasted 00:56:36 (14051 turns).

CanOfBees the Grappler (Ghoul Monk)                Turns: 14051, Time: 00:56:37

Health: -16/108    AC: 15    Str: 29    XL:     12   Next: 78%
Magic:  10/17      EV: 14    Int:  5    God:    Okawaru [*****.]
Gold:   529        SH: 13    Dex: 11    Spells: 11/11 levels left

rFire    . . .     SeeInvis +     - Unarmed
rCold    + . .     Gourm    .   y - +0 buckler
rNeg     + + +     Faith    .   k - +0 plate armour
rPois    ∞         Spirit   .   n - +2 hat {SInv}
rElec    .         Reflect  +   (no cloak)
rCorr    .         Harm     .   (no gloves)
MR       +....                  (no boots)
Stlth    ..........             x - brooch of Shielding {Reflect SH+8}
HPRegen  0.00/turn              c - ring of protection from magic
MPRegen  0.15/turn              H - +4 ring of strength

@: mighty, heroism, finesse, rotting, studying Stealth
A: rotting body, claws 1, carnivore, cold resistance 1, negative energy
resistance 3, inhibited regeneration, torment resistance, unbreathing
a: Heroism, Finesse, Renounce Religion


You were on level 4 of the Lair of Beasts.
You worshipped Okawaru.
Okawaru was extremely pleased with you.
You were not hungry.

You visited 3 branches of the dungeon, and saw 16 of its levels.
You also visited: Labyrinth.

You collected 684 gold pieces.
You spent 155 gold pieces at shops.

Inventory:

Missiles
 e - 10 steel javelins
 p - 5 tomahawks
 q - 70 stones
 w - a throwing net
 M - 3 tomahawks of returning (quivered)
Armour
 k - a +0 plate armour (worn)
 n - a +2 hat of see invisible (worn)
 y - a +0 buckler (worn)
Jewellery
 c - a ring of protection from magic (left claw)
 x - the brooch of Shielding (around neck) {Reflect SH+8}
   (You found it on level 8 of the Dungeon)

   [amulet of reflection]

   It shields you and reflects attacks.
   It affects your SH (+8).
 A - the ring of Dihone {*Slow rN+ MR+ Dex+2}
   (You found it on level 3 of the Lair of Beasts)

   [ring of positive energy]

   It affects your dexterity (+2).
   It protects you from negative energy.
   It affects your resistance to hostile enchantments.
   It may slow you when you take damage.
 H - a +4 ring of strength (right claw)
Wands
 a - a wand of flame (33)
 j - a wand of iceblast (10)
 t - a wand of polymorph (9)
 v - a wand of disintegration (15)
 z - a wand of digging (21)
 I - a wand of acid (15)
 K - a wand of random effects (7)
Scrolls
 d - 10 scrolls of remove curse
 f - 4 scrolls of blinking
 h - 6 scrolls of teleportation
 i - 2 scrolls of amnesia
 u - 2 scrolls of noise
 C - a scroll of immolation
 F - 3 scrolls of identify
 L - a scroll of enchant armour
 Q - a scroll of silence {unknown}
Potions
 g - a potion of flight
 l - 2 potions of curing
 m - 4 potions of heal wounds
 o - 2 potions of cancellation
 r - a potion of might
 s - a potion of agility
 B - 2 potions of brilliance
 E - a potion of ambrosia
Books
 J - a manual of Stealth
Miscellaneous
 D - a lamp of fire
 G - a sack of spiders
 N - a fan of gales
 O - a fan of gales
Comestibles
 b - 13 rations
 P - 2 chunks of flesh


   Skills:
 + Level 10.9(15.9) Fighting
 - Level 3.0(8.0) Armour
 + Level 9.2(14.2) Dodging
 + Level 6.3(11.3) Stealth
 * Level 14.4(19.4) Unarmed Combat
 - Level 8.0 Invocations


You had 11 spell levels left.
You didn't know any spells.
Your spell library contained the following spells:

 Spells                   Type           Power        Failure   Level  Hunger
 Magic Dart               Conj           #...         99%         1    ##.....
 Conjure Flame            Conj/Fire      #.......     100%        3    ####...
 Slow                     Hex            #.......     100%        2    ###....
 Mephitic Cloud           Conj/Pois/Air  #.......     100%        3    ####...
 Venom Bolt               Conj/Pois      #.........   100%        5    ######.
 Olgreb's Toxic Radiance  Pois           #.......     100%        4    #####..
 Death's Door             Chrm/Necr      #.........   100%        8    #######
 Blink                    Tloc           N/A          100%        2    ###....
 Haunt                    Necr/Summ      #.........   100%        7    #######
 Borgnjor's Revivificati  Necr           #.........   100%        8    #######
 Summon Ice Beast         Ice/Summ       #.......     100%        4    #####..
 Call Imp                 Summ           #.......     100%        2    ###....
 Sting                    Conj/Pois      #...         99%         1    ##.....
 Necromutation            Tmut/Necr      #.........   100%        8    #######
 Call Canine Familiar     Summ           #.......     100%        3    ####...
 Summon Butterflies       Summ           #.......     99%         1    ##.....
 Summon Hydra             Summ           #.........   100%        7    #######
 Summon Mana Viper        Hex/Summ       #.......     100%        5    ######.
 Infestation              Necr           #.........   100%        8    #######
 Poisonous Vapours        Pois/Air       #.....       100%        2    ###....


Dungeon Overview and Level Annotations

Branches:
Dungeon (11/15)            Temple (1/1) D:6            Lair (4/6) D:9
    Orc (0/2) D:9
  Swamp: Lair:2-4    Shoals: Lair:2-4     Snake: Lair:2-4    Spider: Lair:2-4

Altars:
Ashenzari
Dithmenos
Elyvilon
Fedhas
Gozag
Hepliaklqana
Kikubaaqudgha
Makhleb
Nemelex Xobeh
Okawaru
Qazlal
Ru
Sif Muna
Trog
Uskayaw
Vehumet
Wu Jian
Xom
Yredelemnul
Zin
The Shining One

Shops:
D:4 =   D:9 :%=*

Annotations:
D:3 2 runed doors, Dietz's ghost, amateur DrTm
D:7 1 transporter
D:9 2 runed doors, Lianjan's ghost, novice DEFE
Lair:4 Rupert


Innate Abilities, Weirdness & Mutations

Your body is rotting away.
You thrive on raw meat.
You are immune to poison.
You have sharp fingernails.
You are carnivorous and can eat meat at any time.
Your flesh is cold resistant. (rC+)
You are immune to negative energy. (rN+++)
You do not regenerate when monsters are visible.
You are immune to unholy pain and torment.
You can survive without breathing.


Message History

Rupert goes berserk!
Unknown command.
You closely miss Rupert. Rupert barely misses you.
You claw Rupert!
Rupert is lightly wounded.
You mangle Rupert!!
Rupert is lightly wounded.
Rupert hits you with a battleaxe of chopping!!
* * * LOW HITPOINT WARNING * * *
x2 Unknown command.
You claw Rupert!
Rupert is moderately wounded.
You eviscerate Rupert!!!
Rupert is heavily wounded.
You hear a screech!
Unknown command.
You mangle Rupert!!
Rupert is severely wounded.
Rupert hits you with a battleaxe of chopping!!!
You die...

....##..................
#..#...#
....#...................
.# #P.##
#.#.##P...............##
#..##
#.#..##................#
##...
..........#.@.........#
#.P#
.......#........##......
##.## .....#........###
#..## ##...#
...............#####..#
#P....
.##.#..........@@....#
##...#
.##....##.........##.#
##..#
.......#......##### ###.
.#.#######...## # ###
##.## ###


You could see Rupert (berserk).

Vanquished Creatures
  Gastronok (Lair:1)
  A minotaur (Lab)
  2 hydras
  A necromancer (Lair:2)
  A manticore (D:9)
  Maurice (D:7)
  4 spiny frogs
  A gargoyle (D:10)
  2 rime drakes
  2 komodo dragons
  2 trolls
  4 blink frogs (Lair:3)
  5 hippogriffs
  Sigmund (D:5)
  14 yaks
  2 basilisks (Lair:4)
  4 wyverns
  4 hungry ghosts (Lab)
  Menkaure (D:4)
  3 porcupines
  3 sky beasts
  3 ice beasts
  3 orc warriors
  3 phantoms
  3 ogres
  18 wolves
  4 centaurs
  8 crocodiles
  2 big kobolds
  6 bullfrogs
  A gnoll sergeant (D:7)
  5 scorpions
  8 killer bees
  4 wights (D:10)
  5 crimson imps
  3 centaur zombies
  5 orc priests
  5 hounds
  12 orc wizards
  A bullfrog skeleton (D:7)
  3 jellies (D:10)
  3 iguanas
  3 polar bear simulacra (Lair:2)
  7 worker ants
  3 wolf simulacra (Lair:2)
  A hound skeleton (D:8)
  A howler monkey skeleton (D:6)
  3 gnolls (D:7)
  9 adders
  An ooze (D:2)
  An adder skeleton (D:5)
  4 worms
  3 dart slugs
  4 leopard geckos
  42 orcs
  5 bats
  4 giant cockroaches
  4 goblins
  15 hobgoblins
  11 jackals
  17 kobolds
  4 quokkas
  A ball python (D:6)
  8 frilled lizards
  A leopard gecko skeleton (D:4)
  2 rats
  5 river rat simulacra (Lair:2)
323 creatures vanquished.

Vanquished Creatures (others)
  A cyclops (D:11)
  A kobold (D:9)
2 creatures vanquished.

Grand Total: 325 creatures vanquished

Notes
Turn   | Place    | Note
-------+----------+-------------------------------------------
     0 | D:1      | CanOfBees the Ghoul Monk began the quest for the Orb.
     0 | D:1      | Reached XP level 1. HP: 19/19 MP: 0/0
   131 | D:1      | Reached XP level 2. HP: 26/26 MP: 1/1
   337 | D:1      | Reached XP level 3. HP: 24/31 MP: 2/2
   768 | D:2      | Reached skill level 4 in Unarmed Combat
  1066 | D:2      | Reached XP level 4. HP: 37/40 MP: 3/3
  1694 | D:3      | Found a runed door.
  1694 | D:3      | Noticed a bullfrog
  1694 | D:3      | Noticed Dietz's ghost (amateur DrTm)
  1778 | D:3      | Reached skill level 1 in Armour
  1923 | D:3      | Found a glowing silver altar of Zin.
  2003 | D:3      | Reached XP level 5. HP: 39/46 MP: 4/4
  2171 | D:3      | Found a shadowy altar of Dithmenos.
  2171 | D:3      | Found a sacrificial altar of Ru.
  2171 | D:3      | Found a radiant altar of Vehumet.
  2171 | D:3      | Found a sparkling altar of Nemelex Xobeh.
  2297 | D:3      | Found a runed door.
  2571 | D:4      | Found Efaimipn's Jewellery Boutique.
  2723 | D:4      | Reached skill level 5 in Unarmed Combat
  2817 | D:4      | Reached XP level 6. HP: 38/53 MP: 5/5
  2973 | D:4      | Noticed Menkaure
  2998 | D:4      | Killed Menkaure
  3458 | D:4      | Reached XP level 7. HP: 39/58 MP: 6/6
  3552 | D:5      | Entered Level 5 of the Dungeon
  3552 | D:5      | Noticed Sigmund
  3608 | D:5      | Killed Sigmund
  3608 | D:5      | Reached skill level 5 in Fighting
  3608 | D:5      | Reached skill level 6 in Unarmed Combat
  3778 | D:5      | Found a blossoming altar of Fedhas.
  3893 | D:5      | Reached XP level 8. HP: 62/69 MP: 7/7
  3913 | D:5      | Reached skill level 7 in Unarmed Combat
  4078 | D:5      | Found a glowing golden altar of the Shining One.
  4260 | D:6      | Found a staircase to the Ecumenical Temple.
  4269 | Temple   | Entered the Ecumenical Temple
  4310 | Temple   | Became a worshipper of Warmaster Okawaru
  4310 | Temple   | Reached * piety under Okawaru
  4310 | Temple   | Reached ** piety under Okawaru
  4562 | D:6      | Reached skill level 1 in Invocations
  4614 | D:6      | You fall through a shaft for 3 floors!
  4627 | D:9      | Found a large runed door.
  4627 | D:9      | Found a large runed door.
  4629 | D:9      | Noticed Lianjan's ghost (novice DEFE)
  4636 | D:9      | Found a hide-covered altar of Uskayaw.
  4675 | D:9      | Noticed a troll
  4696 | D:9      | Killed a troll
  4696 | D:9      | Reached skill level 5 in Dodging
  4696 | D:9      | Reached skill level 8 in Unarmed Combat
  5180 | D:8      | Reached XP level 9. HP: 66/78 MP: 9/9
  5199 | D:8      | Noticed Maurice
  5261 | D:7      | Found a shattered altar of Ashenzari.
  5353 | D:7      | Reached *** piety under Okawaru
  5353 | D:7      | Reached skill level 9 in Unarmed Combat
  5384 | D:7      | Found a stormy altar of Qazlal.
  6664 | D:7      | Found a transporter.
  6778 | D:8      | Reached skill level 10 in Unarmed Combat
  6975 | D:8      | Reached XP level 10. HP: 84/86 MP: 12/12
  6982 | D:8      | Found the brooch of Shielding {Reflect SH+8}
  7011 | D:8      | Reached **** piety under Okawaru
  7080 | D:8      | Identified a scroll of acquirement
  7141 | D:8      | Reached skill level 5 in Invocations
  7736 | D:9      | Found Ominilia's Jewellery Boutique.
  8139 | D:7      | Killed Maurice
  8332 | D:9      | Reached skill level 11 in Unarmed Combat
  8368 | D:9      | Found Oriz's Book Boutique.
  8374 | D:9      | Noticed a manticore
  8444 | D:9      | Killed a manticore
  8654 | D:9      | Found Pomear's General Store.
  8662 | D:9      | Bought a +2 ring of strength for 97 gold pieces
  8666 | D:9      | Bought a +0 large shield for 58 gold pieces
  8763 | D:9      | Found Vaenud's Food Shop.
  8837 | D:9      | Found a staircase to the Orcish Mines.
  8993 | D:9      | Found a staircase to the Lair.
  9144 | D:10     | Entered Level 10 of the Dungeon
  9435 | D:10     | Reached ***** piety under Okawaru
  9435 | D:10     | Reached XP level 11. HP: 54/95 MP: 14/14
  9580 | D:10     | Reached skill level 12 in Unarmed Combat
  9911 | D:11     | Noticed a cyclops
  9914 | D:11     | Killed a cyclops
 10059 | Lair:1   | Entered Level 1 of the Lair of Beasts
 10349 | Lair:1   | Noticed Gastronok
 10367 | Lair:1   | Killed Gastronok
 10367 | Lair:1   | Reached skill level 13 in Unarmed Combat
 10460 | Lair:1   | Noticed a six-headed hydra
 10471 | Lair:1   | Killed a six-headed hydra
 10471 | Lair:1   | Reached ****** piety under Okawaru
 10471 | Lair:1   | Reached skill level 10 in Fighting
 10772 | Lair:1   | You fall through a shaft!
 10791 | Lair:2   | Reached XP level 12. HP: 106/106 MP: 16/16
 10801 | Lair:2   | Found a labyrinth entrance.
 10810 | Lab      | Entered a labyrinth
 11420 | Lab      | Noticed a minotaur
 11429 | Lab      | Killed a minotaur
 11429 | Lab      | Received a gift from Okawaru
 12739 | Lair:3   | Got a vibrating lapis lazuli ring
 13235 | Lair:3   | Reached skill level 14 in Unarmed Combat
 13291 | Lair:3   | Noticed Sonja
 13292 | Lair:3   | Noticed Sonja
 13292 | Lair:3   | Sonja changed into Sonja the crocodile
 13300 | Lair:3   | Killed Sonja the crocodile
 13316 | Lair:3   | Identified the ring of Dihone {*Slow rN+ MR+ Dex+2} (You found it on level 3 of the Lair of Beasts)
 13435 | Lair:3   | Reached skill level 5 in Stealth
 13802 | Lair:4   | Noticed an eight-headed hydra
 13826 | Lair:4   | Killed an eight-headed hydra
 14033 | Lair:4   | Noticed Rupert
 14051 | Lair:4   | Demolished by Rupert

Vault maps used:
D:1:      tarquinn_simple_flora_water_b, hangedman_decor_push
D:3:      chequers_temple_overflow_statue_of_worship, overflow_temple_1_default,
          ebering_ghost_sewer_f, first_ration
D:4:      serial_shops, shop, uniq_menkaure
D:5:      lemuel_doored_altar, fedhas_altar_1, uniq_sigmund
D:6:      minmay_temple_entry_large_hall
D:7:      gammafunk_beogh_shrine, grunt_temple_overflow_open
D:8:      uniq_maurice
D:9:      eat_drink_and_be_merry_uskayaw, lair_entry_dummy, orc_0_dummy,
          serial_shops, nicolae_shop_trees, shop, shop, shop,
          ebering_ghost_disaster_area, kennysheep_generic_room_9
D:11:     serial_shops, shop
Temple:   cyrus_circular_temple
Lair:1:   uniq_gastronok
Lair:2:   lab_entry_generic, eino_house_with_fridge
Lair:3:   serial_bayou_shore_b, uniq_sonja
Lair:4:   swamp_mist, minmay_snake_entry_guardpost_medium, st_stairs_9,
          disabler_island, grunt_megastairs_5, uniq_rupert
Lab:      labyrinth_hidden_loot, nicolae_lab_t_cross

Skill      XL: |  1  2  3  4  5  6  7  8  9 10 11 12 |
---------------+-------------------------------------+-----
Dodging        | 3 4 5 6 7 8 9 |  9.2
Unarmed Combat | 4 5 6 8 10 11 13 14 | 14.4
Fighting       | 4 5 6 7 8 10 | 10.9
Armour         | 1 2 3 |  3.0
Invocations    | 2 4 5 7 8 |  8.0
Stealth        | 6 |  6.3

Action                   |  1- 3 |  4- 6 |  7- 9 | 10-12 || total
-------------------------+-------+-------+-------+-------++-------
Melee: Unarmed           |    97 |   226 |   416 |   725 ||  1464
       Punch             |     1 |     5 |     9 |     1 ||    16
Throw: Stone             |     4 |    23 |     3 |       ||    30
       Tomahawk          |       |     4 |     7 |    18 ||    29
       Throwing net      |       |       |     2 |       ||     2
       Javelin           |       |       |       |     3 ||     3
Invok: Heroism           |       |       |     5 |     7 ||    12
       Finesse           |       |       |       |     4 ||     4
Evoke: Wand              |       |       |     2 |     8 ||    10
  Use: Scroll            |     2 |     2 |     9 |    13 ||    26
       Potion            |       |       |     2 |     6 ||     8
 Stab: Sleeping          |     5 |       |       |       ||     5
  Eat: Chunk             |    19 |    40 |    49 |   114 ||   222
       Ration            |       |     1 |     1 |     2 ||     4
Armor: Robe              |    19 |       |       |       ||    19
       Ring mail         |    16 |    27 |       |       ||    43
       Scale mail        |       |    18 |       |       ||    18
       Chain mail        |       |    41 |     2 |       ||    43
       Plate armour      |       |       |   240 |   286 ||   526
Dodge: Dodged            |    55 |    88 |   113 |   190 ||   446
Block: Other             |       |       |       |    64 ||    64
       Buckler           |       |       |       |   277 ||   277
       Reflection        |       |       |       |    10 ||    10

Table legend:
 A = Spawn XP
 B = Non-spawn XP
 C = Spawn XP percentage of total XP
 D = Spawn monster count
 E = Non-spawn monster count
 F = Spawn count percentage of total count
 G = Total turns spent on level
                    A         B        C        D         E        F      G
               +---------+---------+-------+---------+---------+-------+---------
         Total |       0 |   29107 |   0.0 |       0 |     324 |   0.0 | 14051
               +---------+---------+-------+---------+---------+-------+---------
           D:1 |       0 |      41 |   0.0 |       0 |      20 |   0.0 |   740
           D:2 |       0 |      72 |   0.0 |       0 |      22 |   0.0 |   938
           D:3 |       0 |     135 |   0.0 |       0 |      31 |   0.0 |   834
           D:4 |       0 |     393 |   0.0 |       0 |      16 |   0.0 |  1109
           D:5 |       0 |     827 |   0.0 |       0 |      15 |   0.0 |   635
           D:6 |       0 |     215 |   0.0 |       0 |       5 |   0.0 |   616
           D:7 |       0 |    2357 |   0.0 |       0 |      44 |   0.0 |  1715
           D:8 |       0 |    2126 |   0.0 |       0 |      38 |   0.0 |  1217
           D:9 |       0 |    1075 |   0.0 |       0 |      18 |   0.0 |  1502
          D:10 |       0 |    5103 |   0.0 |       0 |      42 |   0.0 |   838
          D:11 |       0 |     685 |   0.0 |       0 |       3 |   0.0 |    26
        Lair:1 |       0 |    6134 |   0.0 |       0 |      22 |   0.0 |   949
        Lair:2 |       0 |    1913 |   0.0 |       0 |      17 |   0.0 |   850
        Lair:3 |       0 |    2492 |   0.0 |       0 |      11 |   0.0 |  1025
        Lair:4 |       0 |    3612 |   0.0 |       0 |      15 |   0.0 |   321
           Lab |       0 |    1927 |   0.0 |       0 |       5 |   0.0 |   681
               +---------+---------+-------+---------+---------+-------+---------
